 Dungeon Crawl Stone Soup version 0.31-a0-986-g5e6e4ef867 (webtiles) character file.

Game seed: 5294707288318367555

61 Pooter the Chopper (level 3, -7/34 HPs)
             Began as a Minotaur Monk on Nov 17, 2023.
             Mangled by a gnoll
             ... wielding a +0 halberd of freezing
              (11 damage)
             ... on level 2 of the Dungeon.
             The game lasted 00:03:07 (1035 turns).

Pooter the Chopper (Minotaur Monk)                  Turns: 1035, Time: 00:03:07

Health: -7/34      AC:  2    Str: 17    XL:     3   Next: 83%
Magic:  2/2        EV: 12    Int:  7    God:
Gold:   125        SH:  0    Dex: 12    Spells: 2/2 levels left

rFire   . . .        a - +0 hand axe
rCold   . . .        d - orb {light}
rNeg    . . .        b - +0 robe
rPois   .            e - +0 hat
rElec   .            (no cloak)
rCorr   .            (no gloves)
SInv    .            (no boots)
Will    .....        (no amulet)
Stlth   +            (no ring)
HPRegen 0.25/turn    (no ring)
MPRegen 0.08/turn

%: no passive effects
@: glowing
A: horns 2, retaliatory headbutt
a: no special abilities


You were on level 2 of the Dungeon.
You visited 1 branch of the dungeon, and saw 2 of its levels.

You collected 125 gold pieces.

Inventory:

Hand Weapons
 a - a +0 hand axe (weapon)
Missiles
 Q - 15 stones (quivered)
Armour
 b - a +0 robe (worn)
 d - an orb of light (worn)
 e - a +0 hat (worn)
   (You found it on level 1 of the Dungeon)
Scrolls
 h - a scroll of noise {unknown}
 j - a scroll of enchant weapon {unknown}
Potions
 c - a potion of ambrosia
 f - a potion of might {unknown}
 g - a potion of curing {unknown}
 i - a potion of resistance {unknown}
 k - 2 potions of magic {unknown}
 l - a potion of mutation {unknown}


   Skills:
 + Level 4.4 Fighting
 * Level 5.2 Axes
 - Level 3.2 Dodging


You had 2 spell levels left.
You didn't know any spells.
Your spell library was empty.

Dungeon Overview and Level Annotations

Branches:
Dungeon (2/15) Zot: 10959

Altars:


Innate Abilities, Weirdness & Mutations

You have a pair of horns on your head.
You reflexively headbutt those who attack you in melee.


Message History

Jessica hits you with a +0 dagger.
The gnoll shouts!
You hit Jessica but do no damage.
You hear a shout!
Jessica points at you and mumbles some strange words.
You resist with some effort.
You hit Jessica but do no damage. Jessica barely misses you.
You hit Jessica.
You kill Jessica!
Your Axes skill increases to level 5!
You have reached level 3!
Your experience leads to an increase in your attributes!
Increase (s)trength, (i)ntelligence, or (d)exterity?
You feel stronger. x2
You barely miss the ball python.
The ball python bites you but does no damage.
The ball python grabs you. The ball python constricts you.
The ball python bites you. The ball python constricts you.
You hit the ball python.
You kill the ball python!
The gnoll barely misses you. The gnoll hits you with a +0 spear.
Items here: )) [ †††.
You hit the gnoll but do no damage.
You headbutt the gnoll, but do no damage.
The gnoll hits you with a +0 spear.
A gnoll comes into view.
It is wielding a +0 halberd of freezing.
You hit the gnoll. The gnoll barely misses you.
You hit the gnoll. You headbutt the gnoll!
You kill the gnoll!
A gnoll comes into view. It is wielding a +0 club.
The gnoll barely misses you.
Things that are here:
a +0 spear; a gnoll corpse The gnoll shouts!
Found 15 gold pieces.
The gnoll hits you with a +0 club. The gnoll misses you.
You hit the gnoll.
You headbutt the gnoll, but do no damage.
You hit the gnoll but do no damage. The gnoll barely misses you.
The gnoll hits you with a +0 halberd of freezing!
* * * LOW HITPOINT WARNING * * *
The gnoll freezes you.
* * * LOW HITPOINT WARNING * * *
You hit the gnoll but do no damage. You hit the gnoll.
The gnoll hits you with a +0 club.
* * * LOW HITPOINT WARNING * * *
The gnoll closely misses you. You furiously retaliate!
You headbutt the gnoll! The gnoll closely misses you.
The gnoll hits you with a +0 halberd of freezing!
You die...

########
####......####
.$.....(.....
#...g......
###@#####
#..g....#
####)#.....#
#..).#.....#
###.####.....#
#...# #.....#
#.### #.....#
##.######.....#
#>.............


You could see 2 gnolls.

Vanquished Creatures
  Jessica (D:2)
  A gnoll (D:2)
  A worm (D:2)
  3 endoplasms
  A giant cockroach (D:1)
  A goblin (D:1)
  3 hobgoblins
  A quokka (D:2)
  6 ball pythons
  3 frilled lizards (D:1)
  3 kobolds
  A rat (D:1)
25 creatures vanquished.

Notes
Turn   | Place    | Note
-------+----------+-------------------------------------------
     0 | D:1      | Pooter the Minotaur Monk began the quest for the Orb.
     0 | D:1      | Reached XP level 1. HP: 19/19 MP: 0/0
   224 | D:1      | Reached skill level 4 in Axes
   455 | D:1      | Reached XP level 2. HP: 27/27 MP: 1/1
  1013 | D:2      | Noticed Jessica
  1024 | D:2      | Killed Jessica
  1025 | D:2      | Reached skill level 5 in Axes
  1025 | D:2      | Reached XP level 3. HP: 28/34 MP: 2/2
  1035 | D:2      | Mangled by a gnoll

Illustrated notes

Levels and vault maps discovered:
D:1:      dpeg_arrival_court, layout_loops_ring, hangedman_decor_points
D:2:      layout_basic, uniq_jessica, uniq_sigmund

Skill      XL: |  1  2 |
---------------+-------+-----
Axes           | 4 5 |  5.2
Fighting       | 4 |  4.4
Dodging        | |  3.2

Action                     || total
---------------------------++-------
  Melee: Hand axe          ||    51
         Headbutt          ||    10
  Throw: Stone             ||     1
 Armour: Robe              ||    31
  Dodge: Dodged            ||    23

Table legend: (Time is in decaauts)
 A = Elapsed time spent in this place.
 B = Non-inter-level travel time spent in this place.
 C = Inter-level travel time spent in this place.
 D = Time resting spent in this place.
 E = Time spent auto-exploring this place.
 F = Levels seen in this place.
 G = Mean time per level.
                   A        B        C        D        E       F      G
               +--------+--------+--------+--------+--------+-----+--------+
         Total |   1039 |   1019 |     20 |    117 |    738 |   2 |  519.5 |
       Dungeon |   1039 |   1019 |     20 |    117 |    738 |   2 |  519.5 |
               +--------+--------+--------+--------+--------+-----+--------+

Top non-repeatable levels by time:
     D:1: 738 daAuts
     D:2: 300 daAuts
